 Dungeon Crawl Stone Soup version 0.31.0-1-g2c135a008e (webtiles) character file.

Game seed: 18225109561060381249

8 qw the Shooter (level 2, 0/23 HPs)
             Began as a Djinni Hunter on Jan 23, 2024.
             Frozen to death by an endoplasm (7 damage)
             ... on level 1 of the Dungeon.
             The game lasted 00:00:00 (41 turns).

qw the Shooter (Djinni Hunter)                        Turns: 41, Time: 00:00:00

Health: 0/23       AC:  3    Str: 10    XL:     2   Next: 15%
Gold:   0          EV: 12    Int: 10    God:
                   SH:  0    Dex: 16

rFire   + + .        a - +0 shortbow
rCold   x . .        (shield currently unavailable)
rNeg    . . .        c - +0 leather armour
rPois   inf          (no helmet)
rElec   .            (no cloak)
rCorr   .            (no gloves)
SInv    .            (boots unavailable)
Will    .....        (no amulet)
Stlth   +            (no ring)
HPRegen 0.23/turn    (no ring)
MPRegen 0.00/turn

%: infuse magic (-1 HP)
@: flying
A: sickness immunity, fire resistance 2, cold vulnerability 1, float, innate
caster, HP casting, extra vitality 1
a: no special abilities


You were on level 1 of the Dungeon.
You visited 1 branch of the dungeon, and saw 1 of its levels.


Innate Abilities, Weirdness & Mutations

You are immune to sickness and miasma.
You are immune to poison.
Your flesh is very heat resistant. (rF++)
You are vulnerable to cold. (rC-)
You float through the air rather than walking.
You learn spells naturally, not from books.
Your magical power is your life essence.
You have superior vitality. (+4 MHP)


   Skills:
 - Level 2.0 Fighting
 + Level 3.6 Ranged Weapons
 - Level 2.1 Dodging
 - Level 0.7 Stealth You didn't know any spells. Your spell library was empty.

Inventory:

Hand Weapons
 a - a +0 shortbow (weapon)
Armour
 c - a +0 leather armour (worn)
Scrolls
 b - a scroll of butterflies

Dungeon Overview and Level Annotations

Branches:
Dungeon (1/15)

Altars:


Message History

The arrow closely misses the ball python.
The ball python bites you but does no damage.
The ball python misses you.
You shoot an arrow.
The arrow barely misses the ball python.
The ball python closely misses you. The ball python grabs you.
The ball python constricts you. The ball python bites you.
The ball python constricts you.
You shoot an arrow. The arrow hits the ball python!
You kill the ball python!
The ball python closely misses you. The ball python misses you.
The ball python bites you but does no damage.
The ball python grabs you. The ball python constricts you.
You shoot an arrow. The arrow hits the ball python.
You kill the ball python!
The hobgoblin hits you. The endoplasm completely misses you.
You have reached level 2!
You shoot an arrow.
The arrow hits the endoplasm but does no damage.
The hobgoblin hits you.
The endoplasm hits you but does no damage.
You shoot an arrow. The arrow hits the endoplasm!
You kill the endoplasm!
The hobgoblin barely misses you. The hobgoblin hits you.
The endoplasm freezes you.
You are frozen.
You feel a terrible chill!
You shoot an arrow. The arrow barely misses the endoplasm.
The hobgoblin hits you but does no damage.
The endoplasm freezes you.
You are frozen.
You shoot an arrow. The arrow hits the endoplasm.
The endoplasm is lightly wounded.
The hobgoblin hits you but does no damage.
The endoplasm misses you.
You shoot an arrow. The arrow hits the endoplasm.
The endoplasm is moderately wounded.
The hobgoblin hits you but does no damage.
The endoplasm freezes you.
You are frozen!
You feel a terrible chill!
You die...

.# #.# .. ..####
J# #....#
%.#....# J#..>.#
# .....#
.###.###J...#
.......@%...#
..##...g....#
#.###..### ..
##.# ## #.# #.#
###.#######
#######......%...
.........########


You could see an endoplasm and a hobgoblin.

Vanquished Creatures
  2 ball pythons (D:1)
  2 endoplasms (D:1)
  A giant cockroach (D:1)
  A hobgoblin (D:1)
6 creatures vanquished.

Notes
Turn   | Place    | Note
-------+----------+-------------------------------------------
     0 | D:1      | qw the Djinni Hunter began the quest for the Orb.
     0 | D:1      | Reached XP level 1. HP: 18/18 MP: 0/0
     0 | D:1      | 0 ||| qw: Version: 0.3-a-132-g3d54051
     0 | D:1      | 0 ||| qw: Game counter: 619
     0 | D:1      | 0 ||| qw: Melee chars always use a shield: true
     0 | D:1      | 0 ||| qw: God list: Okawaru
     0 | D:1      | 0 ||| qw: Allow faded altars: false
     0 | D:1      | 0 ||| qw: Do Orc after clearing Dungeon:15 true
     0 | D:1      | 0 ||| qw: Do second Lair branch before Depths: true
     0 | D:1      | 0 ||| qw: Lair rune preference: random
     0 | D:1      | 0 ||| qw: Goals: Normal
     0 | D:1      | 0 ||| PLANNING D:1-11
    32 | D:1      | 32 ||| RETREEEEATING.
    37 | D:1      | Reached XP level 2. HP: 17/23 MP: 0/0
    41 | D:1      | Frozen to death by an endoplasm

Levels and vault maps discovered:
D:1:      reono_arrival_mine, layout_loops_cross, minmay_indecisive_spiral

Action                     || total
---------------------------++-------
   Fire: Shortbow          ||    16
 Armour: Leather armour    ||    10
  Dodge: Dodged            ||    10

Table legend:
 A = Non-vault XP
 B = Vault XP
 C = Vault XP percentage of total XP
 D = Non-vault monster count
 E = Vault monster count
 F = Vault count percentage of total count
                 A         B        C        D         E       F
            +---------+---------+-------+---------+---------+-------
      Total |       6 |       6 |  50.0 |       3 |       3 |  50.0
            +---------+---------+-------+---------+---------+-------
        D:1 |       6 |       6 |  50.0 |       3 |       3 |  50.0
            +---------+---------+-------+---------+---------+-------
